Map: Ruins of Seras

Players

MCanning - Winner!

  • Race: Protoss Protoss
  • League: Grandmaster

Neuro

  • Race: Zerg Zerg
  • League: Grandmaster

VOD

Have the link to the VOD?

Description

Time

  • Played on: March 28, 2016, 1:08 a.m.
  • Length: 10:44
Show
View Real Time Build Order
Export as new Build Order

MCanning Protoss - Winner!

Build Orders: Nexus First, Dark Templar Rush 

Get SALT Encoding   

  12  0:00  Probe (Chrono Boost)  
  13  0:11  Probe (Chrono Boost)  
  14  0:18  Pylon  
  14  0:22  Probe (Chrono Boost)  
  15  0:36  Probe (Chrono Boost)  
  16  0:46  Probe (Chrono Boost)  
  17  0:58  Nexus  
  17  1:09  Gateway  
  17  1:14  Probe (Chrono Boost)  
  18  1:22  Assimilator  
  18  1:25  Probe (Chrono Boost)  
  19  1:27  Assimilator  
  19  1:35  Probe (Chrono Boost)  
  20  1:46  Probe (Chrono Boost)  
  21  1:48  Pylon  
  21  1:56  Probe (Chrono Boost)  
  21  1:58  Cybernetics Core  
  22  2:07  Probe (Chrono Boost)  
  23  2:11  Probe (Chrono Boost)  
  24  2:17  Probe (Chrono Boost)  
  24  2:19  Pylon  
  25  2:26  Zealot  
  25  2:28  Probe (Chrono Boost)  
  28  2:31  Probe (Chrono Boost)  
  29  2:40  Warp Gate  
  29  2:42  Mothership Core (Chrono Boost)  
  31  2:45  Probe (Chrono Boost)  
  32  2:51  Twilight Council  
  32  2:57  Probe (Chrono Boost)  
  33  3:00  Stalker  
  33  3:04  Probe (Chrono Boost)  
  36  3:07  Probe (Chrono Boost)  
  37  3:12  Pylon  
  37  3:15  Probe (Chrono Boost)  
  37  3:18  Probe (Chrono Boost)  
  39  3:25  Probe (Chrono Boost)  
  40  3:28  Probe (Chrono Boost)  
  40  3:29  Dark Shrine  
  40  3:33  Resonating Glaives (Chrono Boost)  
  41  3:34  Probe  
  41  3:39  Probe  
  43  3:49  Gateway  
  43  3:51  Gateway  
  43  3:56  Gateway  
  43  3:59  Probe  
  44  4:05  Pylon, Probe  
  45  4:14  Gateway  
  45  4:15  Gateway  
  45  4:25  Gateway  
  45  4:29  Pylon  
  45  4:40  Pylon  
  45  4:42  Dark Templar  
  45  4:44  Dark Templar  
  49  4:52  Adept  
  51  5:00  Adept  
  53  5:12  Adept x2  
  53  5:13  Adept x2  
  61  5:14  Probe  
  61  5:18  Probe  
  63  5:22  Adept x3  
  63  5:28  Nexus  
  69  5:29  Probe  
  70  5:36  Probe  
  70  5:41  Probe  
  72  5:47  Robotics Facility  
  72  5:48  Probe  
  71  5:50  Robotics Facility  
  71  5:53  Probe  
  71  5:56  Assimilator  
  72  6:00  Probe, Assimilator  
  71  6:05  Probe  
  70  6:19  Probe x2  
  64  6:31  Probe x2  
  62  6:43  Probe  
  62  6:46  Adept x5  
  62  6:47  Adept x2  
  75  6:49  Probe  
  78  6:55  Probe  
  78  7:01  Probe  
  80  7:05  Immortal x2 (Chrono Boost)  
  80  7:07  Probe  
  85  7:09  Blink (Chrono Boost)  
  85  7:13  Probe  
  85  7:14  Forge  
  86  7:21  Gateway  
  82  7:34  Probe  
  82  7:35  Stalker  
  82  7:36  Stalker x4  
  85  7:39  Probe  
  85  7:40  Immortal (Chrono Boost)  
  85  7:41  Protoss Ground Weapons Level 1 (Chrono Boost)  
  85  7:43  Probe  
  88  7:46  Probe  
  88  7:48  Immortal (Chrono Boost)  
  94  7:51  Probe  
  94  7:53  Probe  
  94  7:56  Pylon  
  96  7:59  Probe  
  96  8:01  Pylon  
  96  8:03  Probe  
  96  8:04  Probe  
  97  8:12  Pylon  
  98  8:14  Pylon, Probe, Assimilator  
  98  8:16  Sentry, Assimilator  
  101  8:24  Immortal (Chrono Boost)  
  101  8:25  Immortal (Chrono Boost)  
  109  8:35  Pylon, Zealot x2  
  109  8:38  Pylon  
  113  8:41  Adept x2  
  113  8:42  Adept x2  
  113  8:48  Dark Templar  
  123  8:53  Photon Cannon  
  123  8:58  Dark Templar x2  
  127  9:02  Dark Templar  
  127  9:05  Photon Cannon  
  127  9:06  Archon x2  
  129  9:11  Warp Prism (Chrono Boost)  
  129  9:14  Photon Cannon  
  131  9:24  Stalker x3  
  137  9:34  Pylon  
  137  9:36  Dark Templar x2  
  140  9:39  Photon Cannon  
  140  9:42  Pylon  
  140  9:45  Observer (Chrono Boost)  
  140  10:04  Probe  
  140  10:06  Probe  
  136  10:18  Adept x4  
  136  10:19  Adept x3  
  136  10:20  Probe  
  151  10:24  Stargate  
  151  10:25  Stargate  
Show
View Real Time Build Order
Export as new Build Order

Neuro Zerg 

Build Orders: Hatch First 

Get SALT Encoding   

  12  0:01  Drone  
  13  0:12  Overlord  
  13  0:17  Drone  
  14  0:31  Drone x2  
  14  0:35  Drone  
  17  0:53  Hatchery  
  17  0:56  Drone  
  17  0:59  Drone  
  18  1:09  Extractor  
  17  1:14  Spawning Pool  
  17  1:17  Drone  
  17  1:20  Drone  
  18  1:28  Drone  
  19  1:39  Drone  
  20  1:50  Overlord  
  20  2:01  Queen  
  20  2:04  Queen  
  20  2:05  Zergling x4  
  26  2:09  Metabolic Boost  
  26  2:12  Drone  
  26  2:15  Drone  
  28  2:23  Drone  
  29  2:30  Drone  
  30  2:43  Drone x3, Hatchery  
  32  2:51  Queen  
  32  2:55  Overlord  
  34  3:00  Drone x2  
  36  3:07  Overlord  
  36  3:14  Drone x4  
  36  3:15  Drone  
  36  3:17  Drone  
  36  3:18  Drone  
  43  3:23  Drone  
  43  3:25  Drone  
  45  3:32  Extractor  
  45  3:33  Roach Warren  
  43  3:44  Drone x5  
  48  3:49  Drone x2  
  50  3:56  Zergling x2  
  51  4:04  Drone x5  
  56  4:11  Lair  
  57  4:17  Drone  
  57  4:18  Drone  
  57  4:19  Overlord x2  
  57  4:20  Overlord x2  
  58  4:27  Evolution Chamber  
  56  4:48  Drone x8  
  56  4:51  Roach x6  
  76  4:56  Zerg Missile Weapons Level 1  
  76  4:59  Zergling x4  
  78  5:02  Zergling x8  
  78  5:05  Spore Crawler  
  81  5:20  Overseer  
  78  5:25  Overseer x2  
  69  5:36  Roach x2  
  73  5:43  Zergling x2  
  73  5:44  Zergling x20  
  83  5:51  Drone x2  
  78  6:04  Drone x3  
  78  6:05  Drone x7  
  83  6:11  Queen  
  83  6:12  Queen x2  
  83  6:14  Glial Reconstitution  
  73  6:29  Drone x5  
  72  6:36  Drone x3  
  67  6:47  Drone x4  
  69  6:55  Spore Crawler  
  69  6:59  Zergling x8  
  68  7:05  Roach x2  
  69  7:17  Drone x6  
  70  7:28  Drone x4  
  72  7:34  Overseer  
  72  7:36  Drone  
  72  7:37  Drone x3  
  70  7:42  Drone x2  
  72  7:48  Drone x3  
  75  7:56  Drone x5  
  80  8:12  Drone x8  
  88  8:14  Tunneling Claws  
  88  8:16  Burrow  
  88  8:27  Spore Crawler  
  88  8:32  Extractor, Zergling x6  
  88  8:33  Extractor, Overlord x2  
  88  8:34  Overlord x3  
  88  8:41  Zergling x2  
  89  8:44  Pneumatized Carapace  
  89  9:01  Roach x6  
  101  9:10  Drone x4  
  105  9:17  Zergling x16  
  111  9:24  Roach  
  111  9:25  Roach x2, Hatchery  
  112  9:51  Roach x2  
  112  9:52  Roach  
  114  9:53  Overlord x8  
  114  9:58  Hatchery  
  114  9:59  Queen  
  110  10:06  Roach x3  
  114  10:11  Roach x14  
  114  10:12  Zergling x12  
  111  10:19  Roach  
  111  10:20  Roach x5  
Tags
 
Add a new tag
Caveats
  • Supply blocks, unpowered buildings, or Contaminate may cause inaccurate times.
  • Supply counts are checked every 10 seconds.